 Dungeon Crawl Stone Soup version 0.23.1-38-g628c18f (webtiles) character file.

Game seed: 16159037689558361485

95062 Borgoz the Protected (level 16, -1/87 HPs)
             Began as a Gargoyle Gladiator on Mar 28, 2019.
             Was a High Priest of Ashenzari.
             Slain by an orc knight
             ... wielding a +3 great mace of crushing
              (20 damage)
             ... on level 2 of the Orcish Mines.
             The game lasted 01:37:49 (27670 turns).

Borgoz the Protected (Gargoyle Gladiator)          Turns: 27670, Time: 01:37:49

Health: -1/87      AC: 22    Str: 20    XL:     16   Next: 13%
Magic:  22/23      EV: 22    Int:  9    God:    Ashenzari [*****.]
Gold:   1378       SH:  0    Dex: 22    Spells: 19/25 levels left

rFire    + . .     SeeInvis +   b - +4 rapier (freeze)
rCold    + . .     Gourm    .   (no shield)
rNeg     + . .     Faith    .   Q - +0 leather armour "Dosuerghe" {Regen+ Stlth+} (curse)
rPois    ∞         Spirit   .   c - +0 helmet
rElec    +         Reflect  .   s - scarf {cloud immunity}
rCorr    +         Harm     .   H - +0 pair of gloves
MR       ++...     Clarity  +   A - +1 pair of boots "Saraur" {rC+ MR+ rCorr}
Stlth    ++++++....             v - amulet of rage
HPRegen  0.64/turn              V - ring of Jium {rF+ Dex+4 Slay+2}
MPRegen  0.18/turn              D - +2 ring of dexterity

@: flying, studying Shields
A: big wings, clarity, frail 1, negative energy resistance 1, electricity
resistance, unbreathing, petrification resistance, rot immunity, AC +12
a: Stop Flying, Curse Item, Scrying, Transfer Knowledge, Renounce Religion,
Evoke Berserk Rage


You were on level 2 of the Orcish Mines.
You worshipped Ashenzari.
Ashenzari was extremely pleased with you.
You were not hungry.

You visited 4 branches of the dungeon, and saw 24 of its levels.
You also visited: Ossuary, Bailey and Gauntlet.

You collected 2191 gold pieces.
You spent 813 gold pieces at shops.

Inventory:

Hand Weapons
 a - a +3 short sword of venom
 b - a +4 rapier of freezing (weapon)
 K - a +6 short sword of protection
 O - a +7 dagger
 T - a +4 dagger
Missiles
 o - 2 throwing nets (quivered)
 G - 32 tomahawks of returning
 I - 23 tomahawks
Armour
 c - a +0 helmet (worn)
 s - a scarf of cloud immunity (worn)
 u - a +2 pair of boots of running
 A - the +1 pair of boots "Saraur" (worn) {rC+ MR+ rCorr}
   (You found it on level 14 of the Dungeon)

   It protects you from cold.
   It affects your resistance to hostile enchantments.
   It provides partial protection from all sources of acid and corrosion.
 H - a +0 pair of gloves (worn)
 L - a +0 chain mail of fire resistance
 Q - the cursed +0 leather armour "Dosuerghe" (worn) {Regen+ Stlth+}
   (You found it on level 1 of the Lair of Beasts)

   It increases your rate of regeneration.
   It makes you more stealthy.
   It has a curse placed upon it.
Jewellery
 l - an uncursed ring of stealth
 q - an uncursed amulet of regeneration
 v - an amulet of rage (around neck)
 D - a +2 ring of dexterity (right hand)
 V - the ring of Jium (left hand) {rF+ Dex+4 Slay+2}
   (You bought it in a shop on level 12 of the Dungeon)

   [ring of dexterity]

   It affects your dexterity (+4).
   It affects your accuracy and damage with ranged weapons and melee attacks
   (+2).
   It protects you from fire.
 X - an uncursed amulet of the gourmand
Wands
 w - a wand of paralysis (10)
 y - a wand of scattershot (3)
 z - a wand of iceblast (24)
 C - a wand of disintegration (6)
 E - a wand of digging (30)
 S - a wand of enslavement (8)
 Z - a wand of acid (33)
Scrolls
 g - 13 scrolls of teleportation
 i - 13 scrolls of remove curse
 j - 3 scrolls of fear
 n - a scroll of amnesia
 t - a scroll of magic mapping
 F - a scroll of holy word
 M - a scroll of fog
 R - a scroll of identify
Potions
 e - 5 potions of haste
 h - 6 potions of brilliance
 k - 6 potions of lignification
 m - 2 potions of mutation
 p - 2 potions of resistance
 r - 7 potions of curing
 B - a potion of heal wounds
 J - 3 potions of might
 N - a potion of berserk rage
 P - 3 potions of agility
Books
 d - a manual of Shields
Comestibles
 f - 50 rations


   Skills:
 + Level 10.0 Fighting
 * Level 11.8 Short Blades
 - Level 5.0 Throwing
 + Level 12.7 Armour
 * Level 11.0 Dodging
 * Level 12.0 Stealth
 - Level 5.1 Shields
 - Level 5.0 Spellcasting
 + Level 7.2 Hexes
 - Level 3.0 Ice Magic
 + Level 6.3 Evocations


You had 19 spell levels left.
You knew the following spells:

 Your Spells              Type           Power        Failure   Level  Hunger
a - Confusing Touch       Hex            ###...       1%          1    #......
b - Ensorcelled Hibernat  Hex/Ice        ##....       4%          2    ##.....
c - Confuse               Hex            ###.....     4%          3    ###....

Your spell library contained the following spells:

 Spells                   Type           Power        Failure   Level  Hunger
 Corona                   Hex            ###....      1%          1    #......
 Tukima's Dance           Hex            ###.....     4%          3    ###....
 Cause Fear               Hex            ###.......   14%         4    #####..
 Dazzling Spray           Conj/Hex       #.....       19%         3    ###....
 Spectral Weapon          Hex/Chrm       #.......     19%         3    ###....
 Animate Skeleton         Necr           N/A          26%         1    #......
 Apportation              Tloc           #.....       26%         1    #......
 Beastly Appendage        Tmut           #.....       26%         1    #......
 Sting                    Conj/Pois      #...         26%         1    #......
 Summon Small Mammal      Summ           #...         26%         1    #......
 Corpse Rot               Necr           N/A          38%         2    ##.....
 Poisonous Vapours        Pois/Air       #.....       38%         2    ##.....
 Ozocubu's Armour         Chrm/Ice       #.......     41%         3    ###....
 Mephitic Cloud           Conj/Pois/Air  #.......     63%         3    ###....
 Regeneration             Chrm/Necr      #.........   63%         3    ###....
 Static Discharge         Conj/Air       #.......     63%         3    ###....
 Silence                  Hex/Air        #.........   86%         5    ######.
 Yara's Violent Unravell  Hex/Tmut       #.........   86%         5    ######.
 Olgreb's Toxic Radiance  Pois           #.......     95%         4    #####..
 Petrify                  Tmut/Erth      #.......     95%         4    #####..
 Agony                    Necr           #.......     100%        5    ######.
 Bolt of Draining         Conj/Necr      #.........   100%        5    ######.
 Dispel Undead            Necr           #.......     100%        5    ######.
 Excruciating Wounds      Chrm/Necr      #.........   100%        5    ######.
 Irradiate                Conj/Tmut      #.........   100%        5    ######.
 Iskenderun's Battlesphe  Conj/Chrm      #.......     100%        5    ######.
 Lightning Bolt           Conj/Air       #.........   100%        5    ######.
 Venom Bolt               Conj/Pois      #.........   100%        5    ######.
 Deflect Missiles         Chrm/Air       #.........   100%        6    #######
 Hydra Form               Tmut           #.........   100%        6    #######
 Dragon Form              Tmut           #.........   100%        7    #######
 Discord                  Hex            ###.......   100%        8    #######
 Ignition                 Fire           #.........   100%        8    #######
 Shatter                  Erth           #.........   100%        9    #######
 Tornado                  Air            #.........   100%        9    #######
 Sublimation of Blood     Necr           Unusable     N/A         2    N/A
 Statue Form              Tmut/Erth      Unusable     N/A         6    N/A

Dungeon Overview and Level Annotations

Branches:
Dungeon (15/15)            Temple (1/1) D:5            Lair (6/6) D:9
 Shoals (0/4) Lair:4        Snake (0/4) Lair:4        Slime (0/5) Lair:6
    Orc (2/2) D:11            Elf (0/3) Orc:2        Vaults (0/5) D:13
 Depths (0/5) D:15

Altars:
Ashenzari
Cheibriados
Dithmenos
Elyvilon
Fedhas
Gozag
Hepliaklqana
Kikubaaqudgha
Makhleb
Nemelex Xobeh
Okawaru
Qazlal
Ru
Sif Muna
Trog
Uskayaw
Vehumet
Wu Jian
Xom
Yredelemnul
Zin
The Shining One

Shops:
D:6 [??   D:7 :   D:10 =   D:11 *   D:12 [*(   Orc:2 (=[*?


Innate Abilities, Weirdness & Mutations

You are resistant to torment.
Your stone body is resilient. (AC +12)
You are immune to poison.
Your large and strong wings let you fly indefinitely.
You resist negative energy. (rN+)
You are resistant to electric shocks. (rElec)
You can survive without breathing.
You are immune to petrification.
You are immune to rotting.
You possess an exceptional clarity of mind.
You are frail. (-10% HP)


Message History

The orc wizard blinks!
The orc wizard no longer looks unusually strong.
The orc wizard mumbles some strange words.
The orc wizard blinks!
The orc wizard casts a spell.
The orc wizard blinks!
You puncture the orc wizard! You freeze the orc wizard!
You kill the orc wizard!
The orc knight seems less confused.
Casting: Confusing Touch (safe; 1% risk of failure)
Confirm with . or Enter, or press ? or * to list all spells.
Your hands begin to glow red.
The orc knight hits you but does no damage.
You hit the orc knight but do no damage.
The orc knight is lightly wounded.
You hit the orc knight but do no damage.
The orc knight appears confused.
The orc knight is lightly wounded.
The orc knight hits you with a +3 great mace of crushing!!
You die...

)##........................#
)).#........o.........#...##
.)........#...........##.##
#)).............#.....####
.#.....................#
.......................#
....#..............##.##
...#......#....^.o.<###
..###...........@)...#
....#...............##
...................##
..................##
##................###
#...>.).........##.##
##.#.).).#...o.o#...## ###
#....)[..P....###...#####)##
##..............#......##...#


You could see an orc knight (confused), 2 orc warriors and an orc (fleeing).

Vanquished Creatures
  An orc warlord (Orc:2)
  A balrug (Gauntlet)
  Nessos (Orc:2)
  A minotaur (Gauntlet)
  6 dire elephants (Lair:6)
  The ghost of nuthulu the Severer, a journeyman HOFi of Okawaru (D:11)
  5 vault guards (D:13)
  8 hydras
  A centaur warrior (D:15)
  An anaconda (Lair:6)
  A tengu warrior (D:14)
  4 two-headed ogres
  3 orc high priests (Orc:2)
  A deep elf knight (D:13)
  Sonja (D:11)
  7 skeletal warriors
  A flayed ghost (D:15)
  A tengu zombie (D:15)
  A deep elf mage (D:13)
  4 orc knights
  A shining eye (Gauntlet)
  A necromancer (D:15)
  5 cyclopes
  7 ugly things
  7 orc sorcerers
  A wolf spider zombie (D:14)
  3 manticores
  2 oklob plants (Lair:5)
  9 elephants (Lair:6)
  A rust devil (Gauntlet)
  3 black mambas
  The ghost of Lidrolic the Chopper, a novice HuFi of Gozag (D:5)
  2 gargoyles
  10 spiny frogs
  A kobold demonologist (D:13)
  3 rime drakes
  2 centaur skeletons (D:14)
  A yaktaur (D:13)
  A spriggan skeleton (D:15)
  9 komodo dragons
  A tengu conjurer (D:13)
  5 trolls
  3 meliai (D:13)
  2 hornets
  A queen bee (D:13)
  2 ice dragon zombies (D:15)
  4 blink frogs (Lair:5)
  12 hippogriffs
  A wind drake (shapeshifter) (D:15)
  12 dream sheep
  3 shadows
  47 yaks
  A ynoxinul (Gauntlet)
  2 wraiths (D:12)
  Eustachio (D:4)
  3 basilisks
  3 wyverns
  3 steam dragons
  A hog (shapeshifter) (D:15)
  15 vampire mosquitoes
  4 hungry ghosts
  3 wargs (Orc:2)
  Menkaure (D:7)
  2 acid dragons (D:15)
  2 soldier ants
  3 nagas (Lair:4)
  11 water moccasins
  3 black bears
  2 floating eyes (Gauntlet)
  6 porcupines
  28 orc warriors
  5 sky beasts
  An ice beast (D:14)
  A necrophage (D:12)
  12 ogres
  2 phantoms
  The ghost of Flogoulo the Shield-Bearer, an amateur FoFi (D:5)
  34 wolves
  3 boggarts (D:15)
  8 centaurs
  11 crocodiles
  Blork the orc (D:4)
  2 elf zombies
  21 bullfrogs
  3 big kobolds
  An elf skeleton (D:12)
  2 troll zombies (D:11)
  7 scorpions
  20 killer bees
  4 howler monkeys
  11 wights
  2 electric eels (Lair:3)
  A bullfrog zombie (D:12)
  5 crimson imps
  4 centaur zombies
  8 hounds
  A quasit (D:14)
  3 human zombies
  3 iron imps (Gauntlet)
  3 jellies
  14 orc priests
  3 bullfrog skeletons
  A gnoll shaman (D:6)
  Crazy Yiuf (D:4)
  17 orc wizards
  4 iguanas
  Natasha (thrice) (D:4)
  11 worker ants
  7 hell rats (Lair:3)
  6 ogre zombies (D:11)
  3 big kobold zombies (Ossuary)
  4 hound zombies
  A hound skeleton (D:7)
  7 mummies
  3 worker ant zombies
  3 gnolls (D:6)
  15 adders
  6 shadow imps
  3 oozes
  3 adder skeletons (D:6)
  2 adder zombies
  4 worms
  2 dart slugs
  5 leopard geckos
  55 orcs
  6 bats
  4 giant cockroaches
  7 goblins
  5 hobgoblins
  10 jackals
  5 quokkas
  2 ball pythons
  A ball python skeleton (D:5)
  5 frilled lizards
  A gnoll zombie (Ossuary)
  3 goblin skeletons (D:11)
  A goblin zombie (D:11)
  A hobgoblin skeleton (D:11)
  4 hobgoblin zombies
  30 kobolds
  A kobold zombie (Ossuary)
  A leopard gecko skeleton (D:4)
  2 orc skeletons
  14 orc zombies
  3 rats (D:3)
  A demonic plant (Gauntlet)
  A fungus (Lair:6)
  3 plants
781 creatures vanquished.

Vanquished Creatures (others)
  A wyvern (Lair:6)
  An orc wizard (D:4)
  3 demonic plants (Gauntlet)
  23 fungi
  10 plants
  5 withered plants (D:5)
43 creatures vanquished.

Grand Total: 824 creatures vanquished

Notes
Turn   | Place    | Note
-------+----------+-------------------------------------------
     0 | D:1      | Borgoz the Gargoyle Gladiator began the quest for the Orb.
     0 | D:1      | Reached XP level 1. HP: 12/12 MP: 1/1
   321 | D:1      | Reached XP level 2. HP: 9/17 MP: 2/2
   784 | D:2      | Reached skill level 1 in Armour
  1056 | D:2      | Reached XP level 3. HP: 22/22 MP: 3/3
  1245 | D:2      | Found a faded altar of an unknown god.
  1299 | D:2      | Found a deep blue altar of Sif Muna.
  1474 | D:2      | Found a burning altar of Makhleb.
  1474 | D:2      | Noticed an Executioner
  1477 | D:2      | Noticed a ynoxinul
  1477 | D:2      | Noticed a neqoxec
  1533 | D:3      | Reached skill level 1 in Stealth
  1539 | D:3      | Found a snail-covered altar of Cheibriados.
  1544 | D:3      | Reached XP level 4. HP: 27/27 MP: 4/4
  1737 | D:3      | Reached XP level 5. HP: 29/31 MP: 5/5
  1879 | D:3      | Reached XP level 6. HP: 14/37 MP: 6/6
  2217 | D:3      | Found a blossoming altar of Fedhas.
  2575 | D:4      | Noticed Blork the orc
  2575 | D:4      | Noticed Eustachio
  2576 | D:4      | Found a hide-covered altar of Uskayaw.
  2603 | D:4      | Killed Eustachio
  2610 | D:4      | Reached XP level 7. HP: 31/41 MP: 7/7
  2632 | D:4      | Killed Blork the orc
  2717 | D:4      | Found a bloodstained altar of Trog.
  2832 | D:4      | Found a basalt altar of Yredelemnul.
  2845 | D:4      | Found a sand-covered staircase.
  2851 | Ossuary  | Entered an ossuary
  2924 | Ossuary  | Reached XP level 8. HP: 17/48 MP: 8/8
  3205 | D:4      | Reached skill level 5 in Short Blades
  3240 | D:4      | Reached skill level 5 in Armour
  3370 | D:4      | Noticed Natasha
  3382 | D:4      | Killed Natasha
  3443 | D:4      | Found a runed translucent door.
  3444 | D:4      | Noticed Crazy Yiuf
  3561 | D:4      | Found a shadowy altar of Dithmenos.
  3599 | D:4      | Noticed Natasha
  3619 | D:4      | Killed Natasha
  4016 | D:4      | Noticed Natasha
  4026 | D:4      | Killed Natasha
  4085 | D:4      | Killed Crazy Yiuf
  4181 | D:5      | Entered Level 5 of the Dungeon
  4320 | D:5      | Found a runed translucent gate.
  4321 | D:5      | Found a runed translucent gate.
  4322 | D:5      | Found a runed translucent gate.
  4323 | D:5      | Noticed Lidrolic's ghost (novice HuFi)
  4325 | D:5      | Noticed Flogoulo's ghost (amateur FoFi)
  4362 | D:5      | Reached skill level 5 in Dodging
  4588 | D:5      | Found a staircase to the Ecumenical Temple.
  4595 | D:5      | Reached skill level 1 in Spellcasting
  4634 | Temple   | Entered the Ecumenical Temple
  4640 | Temple   | Became a worshipper of Ashenzari the Shackled
  4753 | D:5      | Reached XP level 9. HP: 45/52 MP: 10/10
  5289 | D:6      | Found Qimuahaawn's Magic Scroll Shoppe.
  5297 | D:6      | Bought a scroll of identify for 22 gold pieces
  5297 | D:6      | Bought a scroll of random uselessness for 11 gold pieces
  5297 | D:6      | Bought a scroll of remove curse for 33 gold pieces
  5297 | D:6      | Bought a scroll of teleportation for 33 gold pieces
  5297 | D:6      | Bought a scroll of teleportation for 33 gold pieces
  5492 | D:6      | Found an iron altar of Okawaru.
  5533 | D:6      | Found Kexaig's Magic Scroll Emporium.
  5537 | D:6      | Bought a scroll of noise for 10 gold pieces
  5704 | D:6      | Found Cimeawuv's Armour Emporium.
  5948 | D:7      | Reached skill level 5 in Fighting
  6094 | D:7      | Noticed Menkaure
  6133 | D:7      | Killed Menkaure
  6231 | D:7      | Reached * piety under Ashenzari
  6370 | D:7      | Reached skill level 5 in Stealth
  6453 | D:7      | Found Quloulur's Book Boutique.
  6469 | D:7      | Bought a book of Cantrips for 260 gold pieces
  6472 | D:7      | Learned a level 1 spell: Confusing Touch
  6694 | D:8      | Reached XP level 10. HP: 55/59 MP: 13/13
  6952 | D:8      | Noticed a two-headed ogre
  6986 | D:8      | Killed a two-headed ogre
  6986 | D:8      | Reached skill level 1 in Hexes
  6986 | D:8      | Reached skill level 1 in Evocations
  7132 | D:8      | Found a sparkling altar of Nemelex Xobeh.
  7555 | D:9      | Found a white marble altar of Elyvilon.
  7664 | D:9      | Found a radiant altar of Vehumet.
  8176 | D:9      | Found a staircase to the Lair.
  8459 | D:10     | Entered Level 10 of the Dungeon
  8513 | D:9      | Reached XP level 11. HP: 34/64 MP: 13/15
  8771 | D:5      | Killed Flogoulo's ghost
  8792 | D:5      | Killed Lidrolic's ghost
  8837 | D:6      | Bought a scroll of teleportation for 30 gold pieces
  8837 | D:6      | Bought a scroll of teleportation for 30 gold pieces
  8837 | D:6      | Bought a scroll of identify for 20 gold pieces
  8837 | D:6      | Bought a scroll of identify for 20 gold pieces
  8917 | D:6      | Bought 2 scrolls of identify for 44 gold pieces
  8996 | D:10     | Identified a scroll of acquirement
  9000 | D:10     | Identified the cursed amulet of Lideokuv {Harm *Drain +Fly
                  | rPois MR++ Dex+2} (You acquired it on level 10 of the
                  | Dungeon)
  9010 | D:10     | Noticed a cyclops
  9050 | D:10     | Killed a cyclops
  9241 | D:10     | Noticed a two-headed ogre
  9284 | D:10     | Killed a two-headed ogre
  9331 | D:10     | Identified a +1 pair of boots of running (You found it on
                  | level 10 of the Dungeon)
  9823 | D:10     | Found Texeawun's Jewellery Emporium.
  9986 | D:11     | Noticed a cyclops
  9993 | D:11     | Killed a cyclops
 10266 | D:11     | Reached ** piety under Ashenzari
 10267 | D:11     | Noticed nuthulu's ghost (journeyman HOFi)
 10268 | D:11     | Found a runed translucent door.
 10354 | D:11     | Noticed Sonja
 10376 | D:11     | Found Ecafeyci's Assorted Antiques.
 10430 | D:11     | Bought a murky cyan potion for 19 gold pieces
 10514 | D:11     | Found a staircase to the Orcish Mines.
 10521 | D:11     | Noticed a cyclops
 10744 | D:11     | Killed Sonja
 10837 | D:11     | Killed a cyclops
 10920 | D:11     | Noticed a two-headed ogre
 10942 | D:11     | Killed a two-headed ogre
 11023 | D:11     | Reached XP level 12. HP: 71/71 MP: 18/18
 11362 | D:12     | Found Okhozox's Armour Shop.
 11653 | D:12     | Found an ancient bone altar of Kikubaaqudgha.
 11689 | D:12     | Identified the cursed amulet of Hepliaklqana's Scorn {Harm
                  | *Drain rF+ Str+3} (You acquired it on level 12 of the
                  | Dungeon)
 11814 | D:12     | Found Zyuromo's Assorted Antiques.
 11878 | D:12     | Reached skill level 5 in Throwing
 11902 | D:12     | Bought a brightly glowing bone ring for 160 gold pieces
 11902 | D:12     | Identified the ring of Jium {rF+ Dex+4 Slay+2} (You bought
                  | it in a shop on level 12 of the Dungeon)
 12272 | D:12     | Found Tuad's Weapon Boutique.
 12498 | D:13     | Noticed a sun demon
 12862 | D:13     | Reached skill level 10 in Armour
 13166 | D:13     | Noticed a deep elf knight
 13166 | D:13     | Noticed a vault guard
 13166 | D:13     | Noticed a vault guard
 13210 | D:13     | Reached skill level 5 in Spellcasting
 13285 | D:13     | Reached XP level 13. HP: 77/77 MP: 18/20
 13295 | D:13     | Noticed a vault guard
 13366 | Lair:1   | Entered Level 1 of the Lair of Beasts
 13469 | Lair:1   | Reached *** piety under Ashenzari
 14225 | Lair:2   | Found a gate leading to a gauntlet.
 14355 | Gauntlet | Entered a Gauntlet
 14355 | Gauntlet | Found a transporter.
 14355 | Gauntlet | Found a transporter.
 14355 | Gauntlet | Found a transporter.
 14355 | Gauntlet | Found a transporter.
 14359 | Gauntlet | Found a transporter.
 14369 | Gauntlet | Found a transporter.
 14373 | Gauntlet | Found a transporter.
 14379 | Gauntlet | Found the +8 longbow "Zephyr" {speed, Dex+3 SInv}
 14384 | Gauntlet | Noticed an entropy weaver
 14389 | Gauntlet | Found a transporter.
 14390 | Gauntlet | Found a transporter.
 14390 | Gauntlet | Noticed a balrug
 14407 | Gauntlet | Found a transporter.
 14411 | Gauntlet | Found a transporter.
 14421 | Gauntlet | Found a transporter.
 14682 | Gauntlet | Paralysed by a floating eye for 4 turns
 14693 | Gauntlet | Paralysed by a floating eye for 4 turns
 14706 | Gauntlet | Paralysed by a floating eye for 3 turns
 14711 | Gauntlet | Paralysed by a floating eye for 2 turns
 14720 | Gauntlet | Paralysed by a floating eye for 2 turns
 14729 | Gauntlet | Gained mutation: You tend to lose your temper in combat. [a
                  | shining eye]
 14749 | Gauntlet | Lost mutation: You tend to lose your temper in combat.
                  | [potion of mutation]
 14749 | Gauntlet | Gained mutation: You are frail. (-10% HP) [potion of
                  | mutation]
 14749 | Gauntlet | Gained mutation: You possess an exceptional clarity of
                  | mind. [potion of mutation]
 14796 | Gauntlet | Killed a balrug
 14808 | Gauntlet | Got the broad axe "Doqayr" {flame, *Contam Str+3 SInv}
 14856 | Gauntlet | Noticed a minotaur
 14878 | Gauntlet | Killed a minotaur
 14878 | Gauntlet | Reached skill level 5 in Hexes
 14879 | Gauntlet | Identified the Tome of Lucky Transformation
 15754 | Lair:3   | Reached skill level 5 in Evocations
 15802 | Lair:3   | Reached skill level 1 in Shields
 16620 | Lair:3   | Reached **** piety under Ashenzari
 16784 | Lair:4   | Found a staircase to the Shoals.
 16840 | Lair:4   | Reached skill level 10 in Short Blades
 17241 | Lair:4   | Gained mutation: Your large and strong wings let you fly
                  | indefinitely. [Gargoyle growth]
 17241 | Lair:4   | Reached XP level 14. HP: 75/75 MP: 21/21
 17293 | Lair:4   | Found a staircase to the Snake Pit.
 18360 | Lair:5   | Got the uncursed chain mail of Untold Secrets {rN+ Stlth+}
 18392 | Lair:5   | Identified the +9 chain mail of Untold Secrets {rN+ Stlth+}
                  | (You found it on level 5 of the Lair of Beasts)
 19535 | Lair:6   | Entered Level 6 of the Lair of Beasts
 19535 | Lair:6   | Found a staircase to the Slime Pits.
 19736 | Lair:6   | Reached skill level 5 in Shields
 19783 | Lair:6   | Learned a level 3 spell: Confuse
 19786 | Lair:6   | Learned a level 2 spell: Ensorcelled Hibernation
 20078 | Lair:6   | Reached skill level 10 in Dodging
 20078 | Lair:6   | Reached skill level 10 in Stealth
 20507 | Lair:6   | Noticed a dire elephant
 20507 | Lair:6   | Noticed a dire elephant
 20527 | Lair:6   | Noticed a dire elephant
 20552 | Lair:6   | Killed a dire elephant
 20560 | Lair:6   | Noticed a dire elephant
 20818 | Lair:6   | Reached skill level 1 in Ice Magic
 21025 | Lair:6   | Noticed a dire elephant
 21076 | Lair:6   | HP: 3/77 [dire elephant (1)]
 21586 | Lair:6   | Noticed a dire elephant
 21596 | Lair:6   | Killed a dire elephant
 21733 | Lair:6   | Killed a dire elephant
 21758 | Lair:6   | HP: 3/77 [dire elephant (27)]
 21761 | Lair:6   | Killed a dire elephant
 22047 | Lair:6   | Killed a dire elephant
 22061 | Lair:6   | Killed a dire elephant
 22339 | Lair:1   | Reached XP level 15. HP: 71/81 MP: 20/22
 22367 | Lair:1   | Got the cursed leather armour "Dosuerghe" {Regen+ Stlth+}
 22388 | Lair:1   | Identified the cursed +0 leather armour "Dosuerghe" {Regen+
                  | Stlth+} (You found it on level 1 of the Lair of Beasts)
 22800 | D:11     | Bought a potion of might for 88 gold pieces
 23134 | D:11     | Killed nuthulu's ghost
 23561 | D:13     | Found a gate to the Vaults.
 23586 | D:13     | Reached ***** piety under Ashenzari
 24100 | D:14     | Got the uncursed pair of boots "Saraur" {rC+ MR+ rCorr}
 24111 | D:14     | Identified the +1 pair of boots "Saraur" {rC+ MR+ rCorr}
                  | (You found it on level 14 of the Dungeon)
 24144 | D:14     | Found a flagged portal.
 24288 | Bailey   | Entered a bailey
 24476 | Bailey   | Found a bloodstained altar of Trog.
 25095 | D:15     | Entered Level 15 of the Dungeon
 25198 | D:15     | Found a staircase to the Depths.
 26216 | Orc:1    | Entered Level 1 of the Orcish Mines
 26424 | Orc:2    | Entered Level 2 of the Orcish Mines
 26424 | Orc:2    | Noticed Nessos
 26426 | Orc:2    | Killed Nessos
 26436 | Orc:2    | Found Batzear's Antique Weapon Shop.
 26447 | Orc:2    | HP: 1/82 [sun demon[an orc high priest] (6)]
 26932 | Orc:2    | Found Rarilet's Antique Armour Boutique.
 27034 | Orc:2    | Reached XP level 16. HP: 87/87 MP: 23/23
 27153 | Orc:2    | Reached skill level 10 in Fighting
 27310 | Orc:2    | Found a staircase to the Elven Halls.
 27316 | Orc:2    | Found Koenij's Jewellery Shoppe.
 27395 | Orc:2    | Found Piggial's General Store.
 27407 | Orc:2    | Found Izuss's Magic Scroll Boutique.
 27670 | Orc:2    | Slain by an orc knight

Skill      XL: |  1  2  3  4  5  6  7  8  9 10 11 12 13 14 15 16 |
---------------+-------------------------------------------------+-----
Armour         | 1 2 3 4 5 6 8 9 10 11 12 | 12.7
Short Blades   | 3 4 5 6 7 8 9 10 11 | 11.8
Stealth        | 1 2 3 4 5 6 7 8 10 11 12 | 12.0
Dodging        | 3 4 5 6 7 8 9 10 11 | 11.0
Fighting       | 3 4 5 6 7 8 9 10 | 10.0
Throwing       | 2 3 4 5 |  5.0
Spellcasting   | 1 2 3 4 5 |  5.0
Hexes          | 2 3 4 5 6 7 |  7.2
Evocations     | 2 3 4 5 6 |  6.3
Shields        | 3 5 |  5.1
Ice Magic      | 1 3 |  3.0

Action                   |  1- 3 |  4- 6 |  7- 9 | 10-12 | 13-15 | 16-18 || total
-------------------------+-------+-------+-------+-------+-------+-------++-------
Melee: Rapier            |    64 |       |   141 |   291 |  1741 |   146 ||  2383
       Dagger            |    37 |   221 |   677 |   471 |       |       ||  1406
       Short sword       |       |       |       |   793 |   364 |       ||  1157
Throw: Throwing net      |       |       |     1 |     2 |     3 |       ||     6
       Tomahawk          |       |       |       |     2 |       |       ||     2
 Cast: Confusing Touch   |       |       |       |    51 |   113 |     9 ||   173
 Abil: Evoke Berserk Rag |       |       |       |       |     3 |       ||     3
       Fly               |       |       |       |       |     1 |       ||     1
Evoke: Wand              |       |       |       |     2 |    16 |       ||    18
  Use: Potion            |       |     1 |     3 |     9 |     7 |       ||    20
       Scroll            |       |       |    13 |    14 |    21 |     1 ||    49
 Stab: Held in net/web   |       |       |     1 |       |     2 |       ||     3
       Sleeping          |       |       |     9 |    21 |    38 |       ||    68
       Invisible         |       |       |     1 |    11 |     2 |       ||    14
       Distracted        |       |       |     1 |       |     6 |       ||     7
       Confused          |       |       |       |    43 |   100 |     9 ||   152
  Eat: Chunk             |     2 |     4 |    14 |    27 |    51 |     2 ||   100
       Ration            |       |       |       |     1 |     4 |       ||     5
Armor: Leather armour    |    19 |       |       |       |   223 |    38 ||   280
       Ring mail         |    36 |   115 |   433 |   102 |       |       ||   686
       Skin              |       |       |   138 |       |       |       ||   138
       Troll leather arm |       |       |       |   444 |   468 |       ||   912
       Chain mail        |       |       |       |       |    53 |       ||    53
Dodge: Dodged            |    69 |   166 |   592 |  1262 |  1730 |    99 ||  3918
